 Dungeon Crawl Stone Soup version 0.19.4-8-ga85b6b9 (webtiles) character file.

1402 winWinterter the Chopper (level 9, -1/69 HPs)
             Began as a Formicid Fighter on Feb 14, 2017.
             Was a Follower of Ru.
             Succumbed to a water moccasin's poison
             ... on level 6 of the Dungeon.
             The game lasted 00:11:08 (6511 turns).

winWinterter the Chopper (Formicid Fighter)         Turns: 6511, Time: 00:11:09

Health: -1/69      AC:  8    Str: 20    XL:     9   Next: 1%
Magic:  9/9        EV:  9    Int:  9    God:    Ru [*.....]
Gold:   551        SH: 10    Dex: 13    Spells: 0 memorised, 8 levels left

rFire  . . .     SeeInvis +     p - +0 flail (protect)
rCold  . . .     Gourm    +     b - +0 scale mail
rNeg   . . .     Faith    .     c - +0 shield
rPois  .         Spirit   .     (helmet unavailable)
rElec  .         Reflect  .     r - +0 cloak
rCorr  .         Harm     .     (no gloves)
MR     +....                    (no boots)
Stlth  ..........               g - amulet of the gourmand
                                (no ring)
                                k - ring of protection from magic

@: lethally poisoned (-1 -> -19), drained
A: permanent stasis, dig shafts and tunnels, four strong arms, antennae 3,
inability to read while threatened
a: Dig, Shaft Self, Renounce Religion


You were on level 6 of the Dungeon.
You worshipped Ru.
Ru was aware of your devotion.
You were completely stuffed.

You visited 2 branches of the dungeon, and saw 8 of its levels.

You collected 551 gold pieces.

Inventory:

Hand Weapons
 a - a +0 war axe
 p - a +0 flail of protection (weapon)
 t - a +0 broad axe
 v - a +0 battleaxe
Missiles
 j - a throwing net (quivered)
Armour
 b - a +0 scale mail (worn)
 c - a +0 shield (worn)
 r - a +0 cloak (worn)
Jewellery
 g - an amulet of the gourmand (around neck)
 k - a ring of protection from magic (left hand)
 m - an uncursed ring of ice
Wands
 n - a wand of slowing (27/48)
Scrolls
 e - a scroll of remove curse
 l - a scroll of enchant weapon {unknown}
 o - 2 scrolls of identify
 u - a scroll of fear {unknown}
Potions
 d - a potion of might
 h - a potion of agility
 i - a potion of degeneration
Comestibles
 f - 6 bread rations
 q - a meat ration


   Skills:
 * Level 6.2(6.0) Fighting
 + Level 6.6(6.8) Axes
 + Level 3.3(5.2) Maces & Flails
 + Level 4.9(4.7) Armour
 + Level 1.8(1.6) Dodging
 + Level 1.5(1.3) Stealth
 + Level 5.4(5.2) Shields


You had 8 spell levels left.
You didn't know any spells.

Dungeon Overview and Level Annotations

Branches:
Dungeon (7/15)             Temple (1/1) D:6

Altars:
Ashenzari
Cheibriados
Dithmenos
Fedhas
Gozag
Hepliaklqana
Kikubaaqudgha
Makhleb
Nemelex Xobeh
Okawaru
Qazlal
Ru
Trog
Uskayaw
Vehumet
Xom
Yredelemnul
Zin
The Shining One


Innate Abilities, Weirdness & Mutations

You are under a permanent stasis effect.
You can dig through walls and to a lower floor.
Your four strong arms can wield two-handed weapons with a shield.
You have a pair of large antennae on your head. (SInv)
You cannot read scrolls while threatened.


Message History

Unknown command.
Unknown command.
It was a potion of cancellation.
Your magical effects are unravelling.
You feel magically purged.
The sentinel's mark upon you fades away.
* * * LOW HITPOINT WARNING * * *
You feel sick. The hound bites you but does no damage.
The hound barely misses you.
An orc and 2 crimson imps come into view.
You cannot read scrolls in your current state!
* * * LOW HITPOINT WARNING * * *
You feel sick.
The gnoll shaman hits you but does no damage.
The hound bites you.
* * * LOW HITPOINT WARNING * * *
The hound closely misses you.
You climb upwards.
You can read scrolls again.
You die...

######## #......# #.####)# #.#
#.#### #.# #....# #.#######.#
#......#..#
##########.#..##########
##########.....h@h......[.[......
...........#####g##.#....##....##
.###############.##..###.##.)..#
.#...##.......######.######....#
.#.#.##.#######≈≈§§#.#≈≈≈≈#....#
.....##.# #≈≈§§#.#§≈≈≈#....#
####.##.# #≈≈§§#.#≈≈≈≈#....#
#.##.# #≈≈≈##.##≈§§#....## #.##.#
#≈≈≈#...#≈≈≈#......


You could see a gnoll shaman and 2 hounds.

Vanquished Creatures
  The ghost of doot the Thaumaturge, an amateur DEWz (D:4)
  An orc warrior (D:6)
  An ogre (D:4)
  A centaur (D:3)
  2 bullfrogs (D:6)
  2 wights
  A jelly (D:6)
  An orc priest (D:6)
  2 hounds (D:4)
  A bullfrog skeleton (D:6)
  2 gnoll shamans
  2 orc wizards (D:6)
  2 iguanas (D:6)
  5 worker ants
  Robin (D:3)
  14 gnolls
  9 adders
  2 oozes
  An adder skeleton (D:5)
  A worm (D:3)
  A dart slug (D:1)
  4 leopard geckos
  19 orcs
  6 giant cockroaches
  14 goblins
  15 hobgoblins
  8 jackals
  7 kobolds
  6 quokkas
  A bat (D:2)
  3 frilled lizards
  A jackal skeleton (D:6)
  A jackal zombie (D:5)
  A quokka skeleton (D:6)
  13 rats
152 creatures vanquished.

Notes
Turn   | Place    | Note
-------+----------+-------------------------------------------
     0 | D:1      | winWinterter the Formicid Fighter began the quest for the Orb.
     0 | D:1      | Reached XP level 1. HP: 18/18 MP: 1/1
    69 | D:1      | Reached XP level 2. HP: 24/24 MP: 2/2
   336 | D:1      | Reached XP level 3. HP: 21/30 MP: 3/3
  1029 | D:2      | Reached XP level 4. HP: 37/37 MP: 4/4
  1541 | D:3      | Noticed Robin
  1561 | D:3      | Killed Robin
  1580 | D:3      | Reached XP level 5. HP: 36/42 MP: 5/5
  2257 | D:4      | Noticed doot's ghost (amateur DEWz)
  2281 | D:4      | Found a sparkling altar of Nemelex Xobeh.
  2292 | D:4      | Killed doot's ghost
  2292 | D:4      | Reached skill level 1 in Dodging
  2292 | D:4      | Reached XP level 6. HP: 35/49 MP: 6/6
  2348 | D:4      | Reached skill level 5 in Axes
  2359 | D:4      | HP: 1/49 [gnoll/spear (4)]
  2766 | D:4      | Noticed an ogre
  2773 | D:4      | Killed an ogre
  2773 | D:4      | Reached skill level 1 in Stealth
  2773 | D:4      | Reached XP level 7. HP: 36/55 MP: 7/7
  2806 | D:4      | Reached skill level 5 in Fighting
  3630 | D:4      | Found an iron altar of Okawaru.
  3736 | D:4      | Found a basalt altar of Yredelemnul.
  3737 | D:4      | Found a sacrificial altar of Ru.
  3747 | D:4      | Became a worshipper of Ru the Awakened
  3760 | D:5      | Entered Level 5 of the Dungeon
  3838 | D:5      | Reached XP level 8. HP: 31/63 MP: 8/8
  4156 | D:5      | Found a hide-covered altar of Uskayaw.
  4560 | D:5      | Found a shadowy altar of Dithmenos.
  5165 | D:6      | Gained mutation: You cannot read scrolls while threatened. [Ru sacrifice]
  5165 | D:6      | Reached * piety under Ru
  5171 | D:6      | Reached skill level 1 in Maces & Flails
  5333 | D:6      | Found a staircase to the Ecumenical Temple.
  5489 | D:6      | Reached skill level 5 in Shields
  6213 | Temple   | Entered the Ecumenical Temple
  6445 | D:7      | Reached XP level 9. HP: 61/69 MP: 9/9
  6510 | D:7      | HP: 2/69 [hound (3)]
  6511 | D:6      | Succumbed to a water moccasin's poison

Skill      XL: |  1  2  3  4  5  6  7  8 |
---------------+-------------------------+-----
Axes           | 3 4 5 6 |  6.6
Shields        | 4 5 |  5.4
Fighting       | 4 5 6 |  6.2
Dodging        | 1 |  1.8
Stealth        | 1 |  1.5
Armour         | 4 |  4.9
Maces & Flails | 3 |  3.3

Action                   |  1- 3 |  4- 6 |  7- 9 || total
-------------------------+-------+-------+-------++-------
Melee: War axe           |    96 |   146 |   121 ||   363
       Flail             |       |       |   153 ||   153
       Broad axe         |       |       |    13 ||    13
Invok: Sacrifice Words   |       |       |     1 ||     1
 Abil: Dig               |       |     3 |     5 ||     8
  Use: Potion            |       |     3 |     6 ||     9
       Scroll            |       |       |     6 ||     6
 Stab: Confused          |       |     1 |       ||     1
  Eat: Chunk             |     1 |     2 |    14 ||    17
       Fruit             |       |     3 |     2 ||     5
       Beef jerky        |       |     1 |       ||     1
       Meat ration       |       |       |     1 ||     1
Armor: Scale mail        |    28 |    44 |   104 ||   176
Dodge: Dodged            |    22 |    52 |    90 ||   164
Block: Shield            |    56 |    69 |   142 ||   267
